Map: World of Sleepers LE

Players

HiSpdLoDrag

  • Race: Terran Terran
  • League: Diamond
  • Spawn Location: 7:00

ZergisOP - Winner!

  • Race: Protoss Protoss
  • League: Diamond
  • Spawn Location: 1:00

VOD

Have the link to the VOD?

Description

Time

  • Played on: Jan. 2, 2020, 4:09 p.m.
  • Length: 6:15
Show
View Real Time Build Order
Export as new Build Order

HiSpdLoDrag Terran 

Build Orders:  

Get SALT Encoding   

  12  0:00  SCV  
  13  0:12  SCV  
  14  0:17  Supply Depot  
  14  0:25  SCV  
  15  0:38  SCV  
  15  0:39  Barracks  
  16  0:50  SCV  
  17  1:02  SCV  
  18  1:18  Refinery  
  18  1:21  SCV  
  19  1:31  Marine  
  20  1:39  Command Center  
  20  1:40  Orbital Command  
  20  1:49  Supply Depot, Marine  
  21  2:00  Barracks  
  21  2:07  SCV, Marine  
  23  2:10  Refinery  
  23  2:23  Barracks  
  23  2:25  Marine  
  23  2:26  SCV  
  25  2:39  SCV  
  25  2:40  Refinery  
  25  2:43  Marine  
  27  2:48  Marine  
  28  2:52  Orbital Command  
  28  2:54  SCV  
  29  3:01  Marine  
  30  3:06  Barracks Tech Lab, SCV  
  30  3:11  Marine  
  32  3:18  SCV  
  32  3:19  SCV, Marine  
  35  3:20  Supply Depot  
  35  3:23  Engineering Bay  
  35  3:30  Combat Shield  
  35  3:36  Factory, Marine  
  35  3:37  SCV  
  35  3:40  SCV  
  38  3:46  Supply Depot  
  38  3:49  SCV  
  38  3:53  Missile Turret  
  39  3:59  Missile Turret  
  39  4:00  Marine  
  40  4:04  SCV  
  40  4:05  SCV  
  41  4:16  SCV  
  42  4:17  Terran Infantry Weapons Level 1  
  42  4:18  Barracks Reactor  
  42  4:19  Marine x2  
  42  4:22  Supply Depot  
  42  4:23  SCV  
  45  4:26  Factory Tech Lab  
  45  4:28  SCV  
  45  4:29  Starport  
  46  4:35  SCV  
  46  4:36  Refinery  
  46  4:37  Marine  
  48  4:51  Supply Depot  
  48  4:53  Marine  
  48  4:54  SCV x2  
  51  5:03  Siege Tank  
  51  5:04  Marine x2  
  51  5:06  SCV  
  58  5:10  Starport Reactor  
  58  5:11  Marine  
  58  5:19  Supply Depot  
  58  5:20  Barracks Reactor  
  58  5:21  SCV  
  58  5:22  Marine x2  
  58  5:26  SCV  
  62  5:29  Marine  
  62  5:32  Refinery  
  62  5:33  SCV  
  64  5:40  Marine x2  
  62  5:48  Marine  
  52  5:56  Marine x2  
Show
View Real Time Build Order
Export as new Build Order

ZergisOP Protoss - Winner!

Build Orders:  

Get SALT Encoding   

  12  0:03  Probe  
  13  0:17  Pylon  
  13  0:18  Probe  
  14  0:30  Probe  
  14  0:31  Assimilator  
  15  0:42  Probe  
  16  0:49  Gateway  
  16  0:55  Probe  
  17  1:08  Probe  
  18  1:20  Probe  
  19  1:32  Probe  
  20  1:37  Cybernetics Core  
  20  1:40  Pylon  
  20  1:43  Gateway  
  20  1:46  Zealot  
  22  1:50  Probe  
  23  2:02  Probe  
  24  2:18  Twilight Council  
  24  2:27  Warp Gate  
  24  2:30  Stalker  
  24  2:32  Zealot  
  28  2:41  Gateway  
  28  2:47  Pylon  
  28  2:49  Charge (Chrono Boost)  
  28  3:01  Pylon  
  28  3:07  Zealot  
  28  3:08  Zealot  
  32  3:20  Probe  
  32  3:25  Robotics Facility  
  33  3:28  Gateway  
  33  3:41  Gateway  
  33  3:50  Zealot  
  33  3:51  Zealot  
  33  3:52  Zealot  
  39  4:22  Warp Prism (Chrono Boost)  
  39  4:28  Zealot x2  
  39  4:29  Zealot  
  47  4:33  Pylon  
  47  4:34  Pylon  
  47  4:52  Zealot x2  
  51  4:53  Zealot  
  51  4:54  Zealot  
  51  4:57  Pylon  
  55  5:32  Zealot  
  55  5:33  Zealot x2  
  55  5:34  Zealot  
  63  5:35  Zealot  
  59  5:53  Zealot x2  
  59  5:54  Zealot x2  
Tags
 
Add a new tag
Caveats
  • Supply blocks, unpowered buildings, or Contaminate may cause inaccurate times.
  • Supply counts are checked every 10 seconds.